AA
KANSAS CITY T-BONES @ LINCOLN SALTDOGS
07/20/2099
 
TOP OF THE 1ST
Lincoln Saltdogs batting - Pitching for Cleburne Railroaders : RHP Mitch Swain
Pitching: RHP Mitch Swain
Batting: RHB Ernesto Cruz 0-0: Called Strike
0-1: Called Strike
0-2: Fly out, F4 (Popup, 34D, EV 61.9 MPH)
Batting: LHB Gustavo Gomez 0-0: Called Strike
0-1: Ball
1-1: Swinging Strike
1-2: Ball
2-2: Ball
3-2: Ground out 5-3 (Groundball, 5, EV 91.9 MPH)
Batting: LHB Steve Herron 0-0: Ball
1-0: Foul Ball, location: 3FF
1-1: Ball
2-1: Ball
3-1: Base on Balls
Batting: RHB Mike Lincoln 0-0: Ball
Steve Herron is caught stealing 2nd base 2-4
Top of the 1st over - 0 runs, 0 hits, 0 errors, 0 left on base; Lincoln 0 - Cleburne 0
BOTTOM OF THE 1ST
Cleburne Railroaders batting - Pitching for Lincoln Saltdogs : RHP Ivan Pacheco
Pitching: RHP Ivan Pacheco
Batting: RHB John Althoff 0-0: Ground out 4-3 (Groundball, 4, EV 105.0 MPH)
Batting: RHB Ryan Hewitt 0-0: Ground out 6-3 (Groundball, 6, EV 87.5 MPH)
Batting: SHB Jeff Laster 0-0: Ball
1-0: Ball
2-0: Called Strike
2-1: SOLO HOME RUN (Flyball, 9D, EV 91.9 MPH), Distance : 358 ft
Batting: LHB Dave Angulo 0-0: Ball
1-0: Ball
2-0: Fly out, F8 (Flyball, 89D, EV 101.3 MPH)
Bottom of the 1st over - 1 run, 1 hit, 0 errors, 0 left on base; Lincoln 0 - Cleburne 1
TOP OF THE 2ND
Lincoln Saltdogs batting - Pitching for Cleburne Railroaders : RHP Mitch Swain
Batting: RHB Mike Lincoln 0-0: Ball
1-0: Ball
2-0: Ball
3-0: Called Strike
3-1: Called Strike
3-2: Foul Ball, location: 2LF
3-2: Base on Balls
Batting: RHB Jim Rera 0-0: Called Strike
0-1: Called Strike
0-2: Ground out 5-3 (Groundball, 5L, EV 100.0 MPH)
Mike Lincoln to second
Batting: LHB John Reinertsen 0-0: Fly out, F2 (Popup, 2LF, EV 90.0 MPH)
Batting: RHB John Huth 0-0: Swinging Strike
0-1: Ball
1-1: Called Strike
1-2: Strikes out swinging
Top of the 2nd over - 0 runs, 0 hits, 0 errors, 1 left on base; Lincoln 0 - Cleburne 1
BOTTOM OF THE 2ND
Cleburne Railroaders batting - Pitching for Lincoln Saltdogs : RHP Ivan Pacheco
Batting: SHB Oscar Rosario 0-0: Swinging Strike
0-1: Ball
1-1: Foul Ball, location: 9LSFF
1-2: Foul Ball, location: 3FF
1-2: Strikes out swinging
Batting: RHB Juan Resto 0-0: SINGLE (Line Drive, 78S, EV 110.6 MPH)
Batting: SHB Hi-yuan Fan 0-0: Called Strike
0-1: Ball
1-1: Ball
2-1: Swinging Strike
2-2: Strikes out swinging
Batting: RHB Ricky Hermosillo 0-0: Swinging Strike
0-1: Ball
Juan Resto is caught stealing 2nd base 2-4
Bottom of the 2nd over - 0 runs, 1 hit, 0 errors, 0 left on base; Lincoln 0 - Cleburne 1
TOP OF THE 3RD
Lincoln Saltdogs batting - Pitching for Cleburne Railroaders : RHP Mitch Swain
Batting: RHB John Englehardt 0-0: Ball
1-0: Called Strike
1-1: Ball
2-1: Called Strike
2-2: Ball
3-2: Strikes out looking
Batting: RHB Willie Balderas 0-0: Ball
1-0: Ball
2-0: Ball
3-0: Fly out, F9 (Flyball, 89M, EV 95.0 MPH)
Batting: RHB Ernesto Cruz 0-0: Ball
1-0: Foul Ball, location: 2F
1-1: Ball
2-1: Swinging Strike
2-2: Ball
3-2: Foul Ball, location: 5F
3-2: Reached on error, E3 (Groundball, 3, EV 87.5 MPH)
Batting: LHB Gustavo Gomez 0-0: Foul Ball, location: 2F
0-1: Ball
1-1: Ball
2-1: Ball
3-1: Fielders Choice at 2nd, 6-4 (Groundball, 6, EV 92.5 MPH)
Top of the 3rd over - 0 runs, 0 hits, 1 error, 1 left on base; Lincoln 0 - Cleburne 1
BOTTOM OF THE 3RD
Cleburne Railroaders batting - Pitching for Lincoln Saltdogs : RHP Ivan Pacheco
Batting: RHB Ricky Hermosillo 0-0: Ball
1-0: Ball
2-0: Called Strike
2-1: Fly out, F8 (Flyball, 8LXD, EV 103.8 MPH)
Batting: RHB Tristan Curry 0-0: Ball
1-0: Ball
2-0: Ground out 4-3 (Groundball, 4S, EV 76.9 MPH)
Batting: RHB John Althoff 0-0: Ball
1-0: Swinging Strike
1-1: Ball
2-1: Ball
3-1: Called Strike
3-2: Ground out 6-3 (Groundball, 6, EV 85.6 MPH)
Bottom of the 3rd over - 0 runs, 0 hits, 0 errors, 0 left on base; Lincoln 0 - Cleburne 1
TOP OF THE 4TH
Lincoln Saltdogs batting - Pitching for Cleburne Railroaders : RHP Mitch Swain
Batting: LHB Steve Herron 0-0: Foul Ball, location: 7LSF
0-1: Ball
1-1: Called Strike
1-2: Strikes out swinging
DELAY Rain delay of 28 minutes in the 4th inning.
Batting: RHB Mike Lincoln 0-0: Called Strike
0-1: Foul Ball, location: 9LSF
0-2: Foul Ball, location: 2F
0-2: Strikes out swinging
Batting: RHB Jim Rera 0-0: Ball
1-0: Called Strike
1-1: Swinging Strike
1-2: SOLO HOME RUN (Flyball, 78XD, EV 101.3 MPH), Distance : 406 ft
Batting: LHB John Reinertsen 0-0: Ball
1-0: Foul Ball, location: 7LSF
1-1: Ball
2-1: Ball
3-1: Base on Balls
Batting: RHB John Huth 0-0: Ball
1-0: Foul Ball, location: 2F
1-1: SINGLE (Groundball, 4MD, EV 95.6 MPH)
John Reinertsen to second
Runner from 2nd tries for 3rd, SAFE, no throw by CF
Batting: RHB John Englehardt 0-0: Fielders Choice at 2nd, 6-4 (Groundball, 6, EV 80.0 MPH)
Top of the 4th over - 1 run, 2 hits, 0 errors, 2 left on base; Lincoln 1 - Cleburne 1
BOTTOM OF THE 4TH
Cleburne Railroaders batting - Pitching for Lincoln Saltdogs : RHP Ivan Pacheco
Batting: RHB Ryan Hewitt 0-0: Ball
1-0: Foul Ball, location: 2F
1-1: Ball
2-1: Swinging Strike
2-2: Foul Ball, location: 3F
2-2: Ball
3-2: Foul Ball, location: 7LDF
3-2: Base on Balls
Batting: SHB Jeff Laster 0-0: Ball
1-0: Called Strike
1-1: Swinging Strike
1-2: Strikes out swinging
Batting: LHB Dave Angulo 0-0: Swinging Strike
0-1: Ball
1-1: Called Strike
Ryan Hewitt steals 2nd base
1-2: Strikes out swinging
Batting: SHB Oscar Rosario 0-0: Foul Ball, location: 5SF
0-1: Swinging Strike
0-2: Ball
1-2: Strikes out swinging
Bottom of the 4th over - 0 runs, 0 hits, 0 errors, 1 left on base; Lincoln 1 - Cleburne 1
TOP OF THE 5TH
Lincoln Saltdogs batting - Pitching for Cleburne Railroaders : RHP Mitch Swain
Batting: RHB Willie Balderas 0-0: Ball
1-0: Ball
2-0: Called Strike
2-1: Foul Ball, location: 2F
2-2: Foul Ball, location: 2F
2-2: Ball
3-2: Strikes out swinging
Batting: RHB Ernesto Cruz 0-0: Called Strike
0-1: Foul Ball, location: 2F
0-2: Foul Ball, location: 3F
0-2: Ball
1-2: Foul Ball, location: 3FF
1-2: Ball
2-2: Ground out 4-3 (Groundball, 4M, EV 81.9 MPH)
Batting: LHB Gustavo Gomez 0-0: Ball
1-0: Ball
2-0: Called Strike
2-1: Ball
3-1: Called Strike
3-2: Fly out, F8 (Line Drive, 8RD, EV 90.6 MPH)
Top of the 5th over - 0 runs, 0 hits, 0 errors, 0 left on base; Lincoln 1 - Cleburne 1
BOTTOM OF THE 5TH
Cleburne Railroaders batting - Pitching for Lincoln Saltdogs : RHP Ivan Pacheco
Batting: RHB Juan Resto 0-0: Ball
1-0: Called Strike
1-1: Ball
2-1: Fly out, F8 (Flyball, 8RM, EV 97.5 MPH)
Batting: SHB Hi-yuan Fan 0-0: Swinging Strike
0-1: Swinging Strike
0-2: Ground out 1-3 (Groundball, 13S, EV 60.6 MPH)
Batting: RHB Ricky Hermosillo 0-0: Ball
1-0: Foul Ball, location: 23F
1-1: Swinging Strike
1-2: Strikes out swinging
Bottom of the 5th over - 0 runs, 0 hits, 0 errors, 0 left on base; Lincoln 1 - Cleburne 1
TOP OF THE 6TH
Lincoln Saltdogs batting - Pitching for Cleburne Railroaders : RHP Mitch Swain
Pitching: RHP Brian Campbell
Batting: LHB Steve Herron 0-0: Ball
1-0: Ball
2-0: Called Strike
2-1: Called Strike
2-2: Strikes out swinging
Batting: RHB Mike Lincoln 0-0: Called Strike
0-1: Foul Ball, location: 9LSF
0-2: Ball
1-2: Ball
2-2: Foul Ball, location: 2F
2-2: Ball
3-2: Ground out 4-3 (Groundball, 4, EV 97.5 MPH)
Batting: RHB Jim Rera 0-0: Ball
1-0: Fly out, F9 (Flyball, 89S, EV 91.3 MPH)
Top of the 6th over - 0 runs, 0 hits, 0 errors, 0 left on base; Lincoln 1 - Cleburne 1
BOTTOM OF THE 6TH
Cleburne Railroaders batting - Pitching for Lincoln Saltdogs : RHP Ivan Pacheco
Batting: RHB Tristan Curry 0-0: Ball
1-0: Ball
2-0: Foul Ball, location: 2F
2-1: Foul Ball, location: 2F
2-2: Foul Ball, location: 5F
2-2: Ball
3-2: Base on Balls
Batting: RHB John Althoff 0-0: Ball
1-0: Called Strike
1-1: Ball
2-1: Ball
3-1: Called Strike
3-2: Strikes out swinging
Batting: RHB Ryan Hewitt 0-0: Swinging Strike
Tristan Curry is caught stealing 2nd base 2-4
0-1: Swinging Strike
0-2: Ball
1-2: Foul Ball, location: 9LMF
1-2: Ball
2-2: Fly out, F7 (Flyball, 78M, EV 76.9 MPH)
Bottom of the 6th over - 0 runs, 0 hits, 0 errors, 0 left on base; Lincoln 1 - Cleburne 1
TOP OF THE 7TH
Lincoln Saltdogs batting - Pitching for Cleburne Railroaders : RHP Brian Campbell
Batting: LHB John Reinertsen 0-0: Called Strike
0-1: Ball
1-1: Ball
2-1: Foul Ball, location: 5FF
2-2: Ball
3-2: Base on Balls
Pitching: RHP Jonathan Bidwell
Batting: RHB John Huth 0-0: Fly out, F8 (Flyball, 8RXD, EV 107.5 MPH)
Batting: RHB John Englehardt 0-0: Ball
1-0: Ball
2-0: Foul Ball, location: 5F
2-1: Foul Ball, location: 23F
2-2: Hit by Pitch
John Reinertsen to second
Pinch Hitting: RHB Edward Echeverria 0-0: Ball
1-0: Called Strike
1-1: Ball
2-1: Called Strike
2-2: Strikes out swinging
Batting: RHB Ernesto Cruz 0-0: Ball
1-0: Ball
2-0: Ball
3-0: Called Strike
3-1: Swinging Strike
3-2: Strikes out swinging
Top of the 7th over - 0 runs, 0 hits, 0 errors, 2 left on base; Lincoln 1 - Cleburne 1
BOTTOM OF THE 7TH
Cleburne Railroaders batting - Pitching for Lincoln Saltdogs : RHP Ivan Pacheco
Now in LF: Logan Hoover
Now in CF: Mike Lincoln
Batting: SHB Jeff Laster 0-0: Ball
1-0: Ball
2-0: Ball
3-0: Base on Balls
Batting: LHB Dave Angulo 0-0: Ball
1-0: Ball
2-0: DOUBLE (Line Drive, 78D, EV 99.4 MPH)
Jeff Laster to third
Runner from 3rd tries for Home, SAFE, throw by CF to home
Batting: SHB Oscar Rosario 0-0: Ball
1-0: Foul Ball, location: 9LMF
1-1: Foul Ball, location: 25F
1-2: SINGLE (Line Drive, 8RS, EV 106.3 MPH)
Dave Angulo to third
Pitching: RHP Luke Spiva
Batting: RHB Juan Resto 0-0: Swinging Strike
0-1: Fly out, F8 (Flyball, 8LD, EV 105.6 MPH)
Runner from 3rd tags up, SCORES, throw by CF
Batting: SHB Hi-yuan Fan 0-0: Swinging Strike
0-1: Ball
1-1: Ball
2-1: SINGLE (Line Drive, 78S, EV 99.4 MPH)
Oscar Rosario to second
Batting: RHB Ricky Hermosillo 0-0: Called Strike
0-1: Called Strike
0-2: Strikes out looking
Batting: RHB Tristan Curry 0-0: Called Strike
0-1: Swinging Strike
0-2: Strikes out swinging
Bottom of the 7th over - 2 runs, 3 hits, 0 errors, 2 left on base; Lincoln 1 - Cleburne 3
TOP OF THE 8TH
Lincoln Saltdogs batting - Pitching for Cleburne Railroaders : RHP Jonathan Bidwell
Batting: LHB Gustavo Gomez 0-0: SINGLE (Groundball, 6D, EV 108.8 MPH)
Batting: LHB Steve Herron 0-0: Ball
1-0: Ball
2-0: Foul Ball, location: 3F
2-1: Ball
3-1: 2-RUN HOME RUN (Flyball, 78XD, EV 99.4 MPH), Distance : 404 ft
Batting: RHB Mike Lincoln 0-0: Ball
1-0: Ball
2-0: Ball
3-0: Base on Balls
Pitching: RHP Kelly Marcus
Batting: RHB Jim Rera 0-0: Ball
1-0: Foul Ball, location: 9LMF
1-1: Foul Ball, location: 9LMF
1-2: Strikes out swinging
Batting: LHB John Reinertsen 0-0: Swinging Strike
0-1: Called Strike
0-2: Strikes out swinging
Batting: RHB John Huth 0-0: Called Strike
0-1: Ball
1-1: Ball
2-1: Ball
3-1: Hit by Pitch
Mike Lincoln to second
Batting: RHB John Englehardt 0-0: Ball
1-0: Called Strike
1-1: Fly out, F7 (Flyball, 7, EV 93.1 MPH)
Top of the 8th over - 2 runs, 2 hits, 0 errors, 2 left on base; Lincoln 3 - Cleburne 3
BOTTOM OF THE 8TH
Cleburne Railroaders batting - Pitching for Lincoln Saltdogs : RHP Luke Spiva
Batting: RHB John Althoff 0-0: Ball
1-0: Ball
2-0: Foul Ball, location: 2F
2-1: Called Strike
2-2: Ground out 6-3 (Groundball, 6, EV 88.8 MPH)
Batting: RHB Ryan Hewitt 0-0: Called Strike
0-1: Ball
1-1: Ball
2-1: Fly out, F7 (Line Drive, 7, EV 90.6 MPH)
Batting: SHB Jeff Laster 0-0: Ball
1-0: Ball
2-0: Swinging Strike
2-1: Called Strike
2-2: Strikes out swinging
Bottom of the 8th over - 0 runs, 0 hits, 0 errors, 0 left on base; Lincoln 3 - Cleburne 3
TOP OF THE 9TH
Lincoln Saltdogs batting - Pitching for Cleburne Railroaders : RHP Kelly Marcus
Pitching: RHP Evan Walker
Batting: RHB Logan Hoover 0-0: Swinging Strike
0-1: Ball
1-1: Foul Ball, location: 9LMF
1-2: Foul Ball, location: 2F
1-2: Strikes out swinging
Batting: RHB Ernesto Cruz 0-0: Swinging Strike
0-1: Ball
1-1: Ball
2-1: SINGLE (Line Drive, 8LS, EV 97.5 MPH)
Batting: LHB Gustavo Gomez 0-0: Ball
1-0: Reached on error, E4 (Groundball, 34D, EV 95.6 MPH)
Ernesto Cruz to second
Batting: LHB Steve Herron 0-0: Ball
1-0: Foul Ball, location: 5FF
1-1: Foul Ball, location: 2F
1-2: Foul Ball, location: 3F
1-2: Foul Ball, location: 2F
1-2: Ball
2-2: Foul Ball, location: 9LSF
2-2: Foul Ball, location: 7LDF
2-2: Fly out, F8 (Line Drive, 78M, EV 97.5 MPH)
Runner from 2nd tags up, OUT at 3rd! 8-5
Top of the 9th over - 0 runs, 1 hit, 1 error, 1 left on base; Lincoln 3 - Cleburne 3
BOTTOM OF THE 9TH
Cleburne Railroaders batting - Pitching for Lincoln Saltdogs : RHP Luke Spiva
Pitching: RHP Tyler Taylor
Batting: LHB Dave Angulo 0-0: Ball
1-0: Called Strike
1-1: Ball
2-1: Foul Ball, location: 9LSF
2-2: Ball
3-2: Base on Balls
Batting: SHB Oscar Rosario 0-0: Ball
Dave Angulo steals 2nd base
1-0: Foul Ball, location: 7LMF
1-1: Foul Ball, location: 2RF
1-2: Ball
2-2: Fly out, F7 (Flyball, 78S, EV 95.6 MPH)
Batting: RHB Juan Resto 0-0: Foul Ball, location: 2F
0-1: Ball
1-1: Ball
2-1: Fly out, F8 (Flyball, 8RXD, EV 105.0 MPH)
Runner from 2nd tags up, SAFE at 3rd, no throw by CF
Batting: SHB Hi-yuan Fan 0-0: Intentional Walk
Batting: RHB Ricky Hermosillo 0-0: Ball
Wild Pitch!
Dave Angulo scores
Bottom of the 9th over - 1 run, 0 hits, 0 errors, 1 left on base; Lincoln 3 - Cleburne 4
Sunday, May 12th , 2024 - OOTP Baseball 24.11 Build 85